 Dungeon Crawl Stone Soup version 0.29.1-12-g30fa7ad0bf (webtiles) character file.

Game seed: 18373551679377729196

6 oldriver the Vexing (level 1, -2/10 HPs)
             Began as a Vine Stalker Arcane Marksman on Dec 31, 2022.
             Slain by a quokka (4 damage)
             ... on level 1 of the Dungeon.
             The game lasted 00:00:42 (309 turns).

oldriver the Vexing (Vine Stalker Arcane Marksman)   Turns: 309, Time: 00:00:42

Health: -2/10      AC:  2    Str: 12    XL:     1   Next: 90%
Magic:  0/3        EV: 12    Int: 13    God:
Gold:   0          SH:  0    Dex: 14    Spells: 1/2 levels left

rFire   . . .      SeeInvis .   a - +1 sling
rCold   . . .      Faith    .   (no shield)
rNeg    . . .      Spirit   +   c - +0 robe
rPois   .          Reflect  .   (no helmet)
rElec   .          Harm     .   (no cloak)
rCorr   .          Rampage  .   (no gloves)
Will    .....                   (no boots)
Stlth   +.........              (no amulet)
HPRegen 0.03/turn               (no ring)
MPRegen 0.08/turn               (no ring)

@: no status effects
A: fangs 2, magic shield, antimagic bite, no potion heal 2
a: no special abilities


You were on level 1 of the Dungeon.
You visited 1 branch of the dungeon, and saw 1 of its levels.

Inventory:

Hand Weapons
 a - a +1 sling (weapon)
 b - a +0 dagger
Armour
 c - a +0 robe (worn)
Scrolls
 e - a scroll of teleportation {unknown}
 f - a scroll of poison
Potions
 d - 2 potions of curing {unknown}


   Skills:
 + Level 1.1 Fighting
 * Level 2.1 Ranged Weapons
 - Level 1.5 Dodging
 + Level 1.3 Spellcasting
 - Level 3.0 Hexes


You had one spell level left.
You knew the following spells:

 Your Spells              Type           Power      Damage    Failure   Level
a - Slow                  Hex            32%        N/A       9%          1

Your spell library contained the following spells:

 Spells                   Type           Power      Damage    Failure   Level
 Inner Flame              Hex/Fire       4%         N/A       41%         3
 Portal Projectile        Hex/Tloc       8%         N/A       41%         3
 Cause Fear               Hex            4%         N/A       63%         4


Dungeon Overview and Level Annotations

Branches:
Dungeon (1/15)

Altars:


Innate Abilities, Weirdness & Mutations

You have extremely sharp teeth.
When hurt, damage is shared between your health and your magic reserves.
Your bite disrupts and absorbs the magic of your enemies.
Potions cannot restore your health.


Message History

The sling bullet barely misses the jackal.
The sling bullet closely misses the jackal.
The jackal barely misses you.
Fire: a) +1 sling
Press: ? - help, Shift-Dir - straight line, f/p - jackal
Aim: a jackal (severely wounded, 50% to hit)
You shoot a sling bullet.
The sling bullet barely misses the jackal.
The sling bullet hits the jackal.
You kill the jackal!
The jackal bites you. The jackal closely misses you.
Fire: a) +1 sling
Press: ? - help, Shift-Dir - straight line, f/p - jackal
Aim: a jackal (severely wounded, 50% to hit)
You shoot a sling bullet. The sling bullet hits the jackal.
You kill the jackal!
The quokka closely misses you.
Unknown command.
Fire: a) +1 sling
Press: ? - help, Shift-Dir - straight line, f - quokka
Aim: a quokka (46% to hit)
You shoot a sling bullet. The sling bullet hits the quokka.
The quokka is heavily wounded.
The quokka bites you but does no damage.
Unknown command.
Fire: a) +1 sling
Press: ? - help, Shift-Dir - straight line, f/p - quokka
Aim: a quokka (heavily wounded, 46% to hit)
You shoot a sling bullet.
The sling bullet barely misses the quokka.
The quokka bites you.
* * * LOW HITPOINT WARNING * * *
The quokka barely misses you.
Fire: a) +1 sling
Press: ? - help, Shift-Dir - straight line, f/p - quokka
Aim: a quokka (heavily wounded, 46% to hit)
You shoot a sling bullet.
The sling bullet closely misses the quokka.
The quokka bites you.
You die...

##### #. ....# #... ....#
#.#. ....# #.#.# .####
#.... .# #...#
.#########...#####
.........#.......#
.#.......##...##@#
.#.......###..##r#
.#..#####.....##†..r#
.##..####.##.######.#
.###....#.##.##############
.# ####...................#
.# ####.#.############.# .#
######.#.# #.# ##
#......#.######## #.#


You could see a quokka.

Vanquished Creatures
  An endoplasm (D:1)
  2 jackals (D:1)
  2 kobolds (D:1)
  A rat (D:1)
6 creatures vanquished.

Notes
Turn   | Place    | Note
-------+----------+-------------------------------------------
     0 | D:1      | oldriver the Vine Stalker Arcane Marksman began the quest
                  | for the Orb.
     0 | D:1      | Reached XP level 1. HP: 9/9 MP: 3/3
   223 | D:1      | Reached skill level 1 in Fighting
   309 | D:1      | Slain by a quokka

Illustrated notes

Levels and vault maps discovered:
D:1:      dpeg_arrival_connections, layout_basic, chequers_serial_rivers_room_a

Skill      XL: |  1 |
---------------+----+-----
Fighting       | 1 |  1.1
Ranged Weapons | 2 |  2.1
Dodging        | |  1.5
Spellcasting   | |  1.3
Hexes          | |  3.0

Action                   || total
-------------------------++-------
 Fire: Sling             ||    22
Armor: Robe              ||     5
Dodge: Dodged            ||    11
